 Dungeon Crawl Stone Soup version 0.31-a0-672-g7da72447bb (webtiles) character file.

Game seed: 16709506684184298419

2672 demibob the Cleaver (level 9, -7/63 HPs)
             Began as a Demonspawn Chaos Knight on Sept 4, 2023.
             Was a Plaything of Xom.
             Mangled by a wraith (9 damage)
             ... on level 8 of the Dungeon on Sept 5, 2023.
             The game lasted 00:10:20 (7043 turns).

demibob the Cleaver (Demonspawn Chaos Knight)       Turns: 7043, Time: 00:10:21

Health: -7/63      AC:  5    Str: 14    XL:     9   Next: 37%
Magic:  9/9        EV: 11    Int: 13    God:    Xom [.*....]
Gold:   191        SH:  0    Dex: 19    Spells: 8/8 levels left

rFire   + . .        m - +0 broad axe of Poutareff {drain, rF+ rC+ rN+ Dex+3}
rCold   + . .        (no shield)
rNeg    + . .        b - +2 leather armour
rPois   +            (helmet restricted)
rElec   .            g - scarf {repulsion}
rCorr   .            (no gloves)
SInv    .            (no boots)
Will    +....        (no amulet)
Stlth   +            W - ring of willpower
HPRegen 0.30/turn    P - ring of poison resistance
MPRegen 0.11/turn

%: repel missiles
@: mighty, slowed, very slow
A: horns 2, demonic magic 2, sense surroundings 1
a: Renounce Religion


You were on level 8 of the Dungeon.
You worshipped Xom.
You were a plaything of Xom.
You visited 1 branch of the dungeon, and saw 8 of its levels.
You also visited: Ossuary.

You collected 423 gold pieces.
You spent 232 gold pieces at shops.


Innate Abilities, Weirdness & Mutations

You have a pair of horns on your head.
Spells you cast may paralyse nearby enemies.
You passively map a small area around you.


   Skills:
 - Level 3.0 Fighting
 + Level 9.6(10.6) Axes
 - Level 7.4(9.6) Polearms
 - Level 1.7 Armour
 - Level 0.8 Dodging


You had 8 spell levels left.
You didn't know any spells.
Your spell library contained the following spells:

 Spells                   Type           Power      Damage    Failure   Level
 Scorch                   Fire           0%         2d5       50%         2
 Gell's Gravitas          Tloc           0%         N/A       75%         3
 Ozocubu's Armour         Ice            0%         N/A       75%         3
 Portal Projectile        Hex/Tloc       0%         N/A       75%         3
 Teleport Other           Tloc           0%         N/A       75%         3
 Tukima's Dance           Hex            0%         N/A       75%         3
 Animate Armour           Summ/Erth      0%         N/A       98%         4
 Flame Wave               Conj/Fire      0%         2d4       98%         4
 Iskenderun's Mystic Bla  Conj/Tloc      0%         2d3       98%         4
 Metabolic Englaciation   Hex/Ice        0%         N/A       100%        5
 Dispersal                Tloc           0%         N/A       100%        6
 Simulacrum               Ice/Necr       0%         N/A       100%        6
 Summon Cactus Giant      Summ           0%         N/A       100%        6
 Malign Gateway           Summ/Tloc      0%         N/A       100%        7
 Discord                  Hex            0%         N/A       100%        8

Inventory:

Hand Weapons
 a - a +0 spear of chaos
 m - the +0 broad axe of Poutareff (weapon) {drain, rF+ rC+ rN+ Dex+3}
   (You bought it in a shop on level 4 of the Dungeon)

   Dex+3:     It affects your dexterity (+3).
   rF+:       It protects you from fire.
   rC+:       It protects you from cold.
   rN+:       It protects you from negative energy.
Missiles
 k - a throwing net {=f}
Armour
 b - a +2 leather armour (worn)
 g - a scarf of repulsion (worn)
Jewellery
 t - an amulet of magic regeneration
 P - a ring of poison resistance (right hand)
 W - a ring of willpower (left hand)
Wands
 d - a wand of polymorph (18)
 n - a wand of iceblast (7)
Scrolls
 e - 2 scrolls of immolation
 h - 3 scrolls of identify {@r1}
 i - 2 scrolls of teleportation {@r2}
 q - a scroll of fear
 u - a scroll of poison
Potions
 c - a potion of might
 f - 2 potions of cancellation
 j - a potion of attraction
 l - a potion of degeneration
 o - a potion of curing {@q1}
 p - a potion of enlightenment
 r - 3 potions of heal wounds {@q2}
 s - a potion of ambrosia

Dungeon Overview and Level Annotations

Branches:
Dungeon (8/15)             Temple (0/1) D:6         Ossuary (visited)
   Lair: D:8-11

Altars:
Hepliaklqana
Kikubaaqudgha
Makhleb

Shops:
D:4

:=(* ,,
#...s... *
, #.....c ,
, #s....# ,
, #..)..# *
, ,
,#..o.o# *
, + ,
#Y.)..# , ,
,*#.†)).# ,
, #.)W).# *
#..@..# * *
####.....#
,
,#.[.....##
*,#.#####.#
#.#####.#
,#.....#.#
#.....#.# ,
#.#.#...#.#
#.....<...#


You could see a yak (fleeing, drained), a wraith, an orc warrior (fleeing), a
centaur (fleeing), a scorpion (fleeing) and an orc (fleeing).


Message History

The orc warrior unwields a +0 short sword of venom.
It stops dripping with poison.
The orc warrior wields a +0 orcbow.
The orc warrior shoots an arrow.
The arrow hits you.
You barely miss the wraith.
The wraith is severely damaged.
The centaur shouts!
You slash the yak! The wraith closely misses you. The yak gores you!
* * * LOW HITPOINT WARNING * * *
The orc warrior shoots an arrow.
The arrow is repelled.
A scorpion comes into view.
You are too injured to fight recklessly!
Unknown command.
You hit the yak. You drain the yak.
The yak is moderately wounded.
You hit the wraith. The yak gores you!
* * * LOW HITPOINT WARNING * * *
The wraith closely misses you.
The orc warrior shoots an arrow.
The arrow barely misses you. The wraith barely misses you.
The yak closely misses you.
As you read the scroll of fear, it crumbles to dust.
You assume a fearsome visage.
The scorpion looks frightened! x2
The yak looks frightened!
The orc warrior looks frightened!
The centaur looks frightened!
The orc looks frightened!
The wraith is unaffected.
The orc seems less confused.
The wraith hits you!
* * * LOW HITPOINT WARNING * * *
The wraith drains your vigour!
You feel as though you will be slow longer.
Unknown command.
The wraith attacks as it pursues you! The wraith hits you!
You die...

Skill      XL: |  1  2  3  4  5  6  7  8  9 |
---------------+----------------------------+-----
Polearms       | 3 5 6 7 |  7.4
Axes           | 5 8 9 |  9.6
Fighting       | |  3.0
Armour         | |  1.7
Dodging        | |  0.8

Action                     |  1- 3 |  4- 6 |  7- 9 || total
---------------------------+-------+-------+-------++-------
  Melee: Spear             |   130 |   115 |       ||   245
         Headbutt          |       |    16 |    77 ||    93
         Broad axe         |       |       |   360 ||   360
         Punch             |       |       |     5 ||     5
  Evoke: Wand              |       |       |     1 ||     1
    Use: Scroll            |     5 |     3 |     6 ||    14
         Potion            |     4 |       |    10 ||    14
   Stab: Sleeping          |     2 |     2 |       ||     4
         Distracted        |     1 |       |       ||     1
         Confused          |       |       |     2 ||     2
 Armour: Leather armour    |    47 |    60 |   257 ||   364
  Dodge: Dodged            |    38 |    37 |   212 ||   287
         Repelled          |       |       |     1 ||     1

Levels and vault maps discovered:
D:1:      saegor_arrival_simple_c, layout_loops_corners
D:2:      layout_basic, ebering_ecumenical_altar_sacrificial,
          kennysheep_decorative_pillar
D:3:      layout_loops_ring
D:4:      layout_rooms, minmay_overflow_temple_star_quad,
          nicolae_kikubaaqudgha_miasma_corner, marbit_many_paths,
          serial_corexii_hall, chequers_hall_statues_y, corexii_hall_statues_x,
          corexii_hall_statues_x, serial_shops, nicolae_shop_real_fake_doors,
          shop, shop, shop_fountains, uniq_blork_the_orc
D:5:      layout_basic, nicolae_ossuary_entry_catacombs, minmay_strange_pillars,
          minmay_misc_feat_ornament, minmay_starry_boxes
D:6:      layout_cave_pools, minmay_temple_entry_mist
D:7:      layout_loops_cross
D:8:      layout_basic, grunt_lair_entry_orc_guard_hut, serial_shops,
          nicolae_shop_hallway_plus, enter_bailey_4

Notes
Turn   | Place    | Note
-------+----------+-------------------------------------------
     0 | D:1      | demibob the Demonspawn Chaos Knight began the quest for the
                  | Orb.
     0 | D:1      | Reached XP level 1. HP: 18/18 MP: 1/1
    83 | D:1      | Reached skill level 3 in Polearms
   139 | D:1      | Gained mutation: Spells you cast may paralyse adjacent
                  | enemies. [demonic ancestry]
   139 | D:1      | Reached XP level 2. HP: 24/24 MP: 2/2
   671 | D:1      | XOM: divination: detect items
   931 | D:2      | Reached XP level 3. HP: 29/29 MP: 3/3
  1059 | D:2      | Reached skill level 4 in Polearms
  1379 | D:2      | Found a faded altar of an unknown god.
  1518 | D:3      | XOM: smoke on damage
  1528 | D:3      | XOM: divination: detect items
  1744 | D:3      | XOM: 9-stop teleportation journey
  1783 | D:3      | Noticed a water moccasin
  1789 | D:3      | XOM: summons friendly white imp
  1796 | D:3      | Killed a water moccasin
  1797 | D:3      | Reached skill level 5 in Polearms
  1797 | D:3      | Reached XP level 4. HP: 28/35 MP: 4/4
  1797 | D:3      | Gained mutation: You have a pair of small horns on your
                  | head. [demonic ancestry]
  1797 | D:3      | Reached XP level 5. HP: 32/41 MP: 5/5
  1911 | D:3      | XOM: smoke on damage
  2258 | D:3      | XOM: give mutations
  2258 | D:3      | Gained mutation: You have a pair of horns on your head.
                  | [Xom's grace]
  2258 | D:3      | Gained mutation: You passively map a small area around you.
                  | [Xom's grace]
  2270 | D:4      | XOM: divination: magic mapping
  2285 | D:3      | Reached skill level 6 in Polearms
  2292 | D:3      | Reached XP level 6. HP: 20/47 MP: 6/6
  2537 | D:4      | Found a burning altar of Makhleb.
  2588 | D:4      | Noticed Blork the orc
  2601 | D:4      | Killed Blork the orc
  2602 | D:4      | Reached skill level 7 in Polearms
  2814 | D:4      | Found Dial's Book Emporium.
  2919 | D:4      | Found Bihom's Assorted Antiques.
  2947 | D:4      | Bought a fizzy green potion for 25 gold pieces
  2948 | D:4      | Found Bawuobor's Antique Weapon Shop.
  2953 | D:4      | Gained mutation: Spells you cast may paralyse nearby
                  | enemies. [demonic ancestry]
  2953 | D:4      | Reached XP level 7. HP: 44/52 MP: 7/7
  3021 | D:4      | Bought a fine broad axe for 207 gold pieces
  3021 | D:4      | Identified the +0 broad axe of Poutareff {drain, rF+ rC+
                  | rN+ Dex+3} (You bought it in a shop on level 4 of the
                  | Dungeon)
  3038 | D:4      | XOM: silly message
  3074 | D:4      | Reached skill level 1 in Axes
  3158 | D:4      | Found Itilas's Jewellery Boutique.
  3216 | D:4      | Found an ancient bone altar of Kikubaaqudgha.
  3356 | D:4      | Found a hazy altar of Hepliaklqana.
  3449 | D:4      | XOM: noise
  3476 | D:5      | Entered Level 5 of the Dungeon
  3535 | D:5      | XOM: silly message
  3599 | D:5      | Reached skill level 2 in Axes
  3638 | D:5      | XOM: silly message
  3640 | D:5      | Found a sand-covered staircase.
  3653 | D:5      | Reached skill level 3 in Axes
  3656 | Ossuary  | Entered an ossuary
  3839 | Ossuary  | XOM: smoke on damage
  3855 | Ossuary  | XOM: divination: detect items
  3864 | Ossuary  | XOM: cast spell 'Summon Ice Beast'
  3867 | Ossuary  | XOM: cast spell 'Death Channel'
  3872 | Ossuary  | XOM: noise
  3886 | Ossuary  | XOM: cast spell 'Leda's Liquefaction'
  3894 | Ossuary  | XOM: smoke on damage
  3897 | Ossuary  | Reached skill level 4 in Axes
  3920 | Ossuary  | XOM: divination: detect creatures
  3928 | Ossuary  | Reached skill level 5 in Axes
  3928 | Ossuary  | Reached XP level 8. HP: 26/58 MP: 8/8
  3940 | Ossuary  | XOM: cast spell 'Alistair's Intoxication'
  4048 | Ossuary  | XOM: divination: detect creatures
  4075 | Ossuary  | XOM: silly message
  4243 | D:5      | XOM: divination: magic mapping
  4250 | D:5      | Reached skill level 6 in Axes
  4515 | D:5      | HP: 5/58 [gnoll sergeant/+0 spear (3)]
  4703 | D:5      | XOM: butterfly on damage
  4843 | D:5      | Reached skill level 7 in Axes
  5169 | D:5      | XOM: smoke on damage
  5244 | D:5      | Got the Secrets of Enchantment and the Gang
  5553 | D:6      | XOM: potion effect (might)
  5565 | D:6      | XOM: potion effect (curing)
  5566 | D:6      | XOM: noise
  5571 | D:6      | Reached skill level 8 in Axes
  5580 | D:6      | HP: 5/58 [ogre/+0 giant spiked club (16)]
  5582 | D:6      | Reached XP level 9. HP: 6/63 MP: 9/9
  6047 | D:6      | Found a staircase to the Ecumenical Temple.
  6153 | D:6      | XOM: smoke on damage
  6477 | D:7      | Reached skill level 9 in Axes
  6624 | D:7      | XOM: noise
  7028 | D:8      | XOM: confusion (+ monsters)
  7042 | D:8      | HP: 1/63 [wraith (9)]
  7043 | D:8      | Mangled by a wraith

Vanquished Creatures
  A steam dragon (D:7)
  2 water moccasins (D:6)
  A black bear (D:5)
  An ice beast (D:6)
  2 ogres
  6 elf zombies
  2 kobold brigands
  A gnoll sergeant (D:5)
  Blork the orc (D:4)
  A bullfrog (D:8)
  An elf skeleton (D:5)
  2 scorpions (D:4)
  A killer bee (D:5)
  2 centaur zombies (Ossuary)
  3 human zombies (Ossuary)
  2 jellies
  3 hounds
  A gnoll bouda (D:6)
  2 orc priests
  2 human skeletons (D:5)
  3 iguanas
  4 orc wizards
  A sleepcap (D:6)
  2 mummies (Ossuary)
  5 gnolls (D:6)
  5 adders
  An ufetubus (D:7)
  An adder zombie (Ossuary)
  2 worms (D:2)
  4 dart slugs
  23 orcs
  8 ball pythons
  4 endoplasms
  2 giant cockroaches
  6 goblins
  5 hobgoblins
  2 jackals (D:1)
  15 kobolds
  7 quokkas
  3 bats
  3 frilled lizards
  14 hobgoblin zombies (Ossuary)
  A jackal zombie (Ossuary)
  7 kobold zombies (Ossuary)
  6 orc zombies (Ossuary)
  5 rats
176 creatures vanquished.

Vanquished Creatures (collateral kills)
  A water moccasin (D:3)
  An orc wizard (D:3)
  2 orcs (D:3)
  A ball python (D:3)
5 creatures vanquished.

Vanquished Creatures (others)
  An adder (D:4)
1 creature vanquished.

Grand Total: 182 creatures vanquished

Table legend: (Time is in decaauts)
 A = Elapsed time spent in this place.
 B = Non-inter-level travel time spent in this place.
 C = Inter-level travel time spent in this place.
 D = Time resting spent in this place.
 E = Time spent auto-exploring this place.
 F = Levels seen in this place.
 G = Mean time per level.
                   A        B        C        D        E       F      G
               +--------+--------+--------+--------+--------+-----+--------+
         Total |   7056 |   6880 |    176 |    597 |   4943 |   9 |  784.0 |
       Dungeon |   6453 |   6277 |    176 |    586 |   4646 |   8 |  806.6 |
       Ossuary |    603 |    603 |      0 |     11 |    297 |   1 |  603.0 |
               +--------+--------+--------+--------+--------+-----+--------+

Top non-repeatable levels by time:
     D:5: 1651 daAuts
     D:4: 1076 daAuts
     D:3: 859 daAuts
     D:1: 842 daAuts
     D:6: 732 daAuts
     D:2: 636 daAuts
     D:7: 620 daAuts
 Ossuary: 603 daAuts
     D:8: 32 daAuts

Table legend:
 A = Non-vault XP
 B = Vault XP
 C = Vault XP percentage of total XP
 D = Non-vault monster count
 E = Vault monster count
 F = Vault count percentage of total count
                 A         B        C        D         E       F
            +---------+---------+-------+---------+---------+-------
      Total |    2320 |    1498 |  39.2 |     127 |      53 |  29.4
            +---------+---------+-------+---------+---------+-------
        D:1 |      27 |       0 |   0.0 |      14 |       0 |   0.0
        D:2 |      49 |       0 |   0.0 |      19 |       0 |   0.0
        D:3 |     313 |       0 |   0.0 |      25 |       0 |   0.0
        D:4 |     411 |      92 |  18.3 |      23 |       2 |   8.0
        D:5 |     201 |     745 |  78.8 |       7 |      11 |  61.1
        D:6 |     831 |       0 |   0.0 |      18 |       0 |   0.0
        D:7 |     301 |       0 |   0.0 |      14 |       0 |   0.0
        D:8 |     187 |      90 |  32.5 |       7 |       1 |  12.5
    Ossuary |       0 |     571 | 100.0 |       0 |      39 | 100.0
            +---------+---------+-------+---------+---------+-------
